 Dungeon Crawl Stone Soup version 0.30-a0-1164-ge08a67761e (webtiles) character file.

Game seed: 16587471029633999765

2647 backslashecho the Zephyrmancer (level 9, -11/45 HPs)
             Began as a Tengu Air Elementalist on Apr 29, 2023.
             Was a Follower of Vehumet.
             Mangled by a hornet (18 damage)
             ... on level 7 of the Dungeon.
             The game lasted 00:29:04 (7218 turns).

backslashecho the Zephyrmancer (TeAE)               Turns: 7218, Time: 00:29:05

Health: -11/45     AC:  8    Str:  9    XL:     9   Next: 62%
Magic:  0/19       EV: 19    Int: 20    God:    Vehumet [*.....]
Gold:   243        SH:  5    Dex: 14    Spells: 8/20 levels left

rFire   . . .        a - +2 dagger (venom)
rCold   . . .        e - orb {mayhem}
rNeg    . . .        h - +0 troll leather armour {Pargi}
rPois   .            (helmet restricted)
rElec   .            (no cloak)
rCorr   .            (no gloves)
SInv    .            (boots unavailable)
Will    .....        v - amulet of reflection
Stlth   ++           p - +5 ring of evasion
HPRegen 1.07/turn    u - +4 ring of protection
MPRegen 0.16/turn

%: mayhem, reflection
@: lethally poisoned (-11 -> -16), flying quickly and evasively, slowed, very
slow
A: beak, talons 3, nimble flight
a: Renounce Religion


You were on level 7 of the Dungeon.
You worshipped Vehumet.
Vehumet was aware of your devotion.
You visited 2 branches of the dungeon, and saw 8 of its levels.
You also visited: Sewer.

You collected 267 gold pieces.
You spent 24 gold pieces at shops.

Inventory:

Hand Weapons
 a - a +2 dagger of venom (weapon)
 A - the +8 storm bow {elec, penet}
   (You found it on level 3 of the Dungeon)
Missiles
 j - 56 stones
 l - 6 poisoned darts (quivered)
Armour
 e - an orb of mayhem (worn)
 h - a +0 troll leather armour (worn) {Pargi}
 o - a +0 kite shield
Magical Staves
 b - a staff of conjuration
 w - a staff of death
Jewellery
 p - a +5 ring of evasion (left hand)
 u - a +4 ring of protection (right hand)
 v - an amulet of reflection (around neck)
Scrolls
 c - 6 scrolls of teleportation
 f - 5 scrolls of identify
 q - a scroll of vulnerability {unknown}
 s - 2 scrolls of immolation {unknown}
 x - a scroll of butterflies {unknown}
 y - 2 scrolls of enchant weapon {unknown}
 B - a scroll of fear {unknown}
 C - 2 scrolls of noise {unknown}
 E - 2 scrolls of torment {unknown}
Potions
 d - 2 potions of curing
 g - 2 potions of ambrosia
 i - 4 potions of brilliance
 k - 2 potions of magic
 m - 2 potions of cancellation {unknown}
 n - a potion of lignification {unknown}
 r - 2 potions of mutation {unknown}
 t - 2 potions of haste {unknown}
 z - a potion of might {unknown}
 D - 2 potions of flight {unknown}
 F - a potion of attraction {unknown}


   Skills:
 - Level 5.6 Short Blades
 - Level 2.1 Dodging
 + Level 4.4 Stealth
 - Level 6.0 Spellcasting
 + Level 8.6 Conjurations
 + Level 1.8 Fire Magic
 - Level 9.0 Air Magic


You had 8 spell levels left.
You knew the following spells:

 Your Spells              Type           Power      Damage    Failure   Level
a - Shock                 Conj/Air       100%       1d9       1%          1
b - Magic Dart            Conj           100%       1d8       1%          1
c - Sticky Flame          Conj/Fire      26%        2d5       17%         4
d - Airstrike             Air            21%        2d(3-19)  3%          4
f - Static Discharge      Conj/Air       82%        2-6/arc   1%          2

Your spell library contained the following spells:

 Spells                   Type           Power      Damage    Failure   Level
 Kiss of Death            Conj/Necr      92%        2d12      2%          1
 Swiftness                Air            42%        N/A       1%          3
 Mephitic Cloud           Conj/Pois/Air  29%        N/A       4%          3
 Hailstorm                Conj/Ice       23%        3d7       8%          3
 Freeze                   Ice            24%        1d4       14%         1
 Iskenderun's Mystic Bla  Conj/Tloc      23%        2d6       26%         4
 Freezing Cloud           Conj/Ice/Air   14%        6-21      36%         5
 Frozen Ramparts          Ice            12%        1d2       41%         3
 Portal Projectile        Hex/Tloc       12%        N/A       41%         3
 Iron Shot                Conj/Erth      11%        9d3       98%         6
 Metabolic Englaciation   Hex/Ice        3%         N/A       99%         5


Dungeon Overview and Level Annotations

Branches:
Dungeon (7/15)             Temple (1/1) D:5           Sewer (visited)

Altars:
Ashenzari
Cheibriados
Dithmenos
Elyvilon
Fedhas
Gozag
Kikubaaqudgha
Makhleb
Nemelex Xobeh
Qazlal
Ru
Trog
Uskayaw
Vehumet
Wu Jian
Zin
The Shining One

Shops:
D:3 *((?

Annotations:
D:3 1 runed translucent door, mandoloar's ghost, amateur OpTm


Innate Abilities, Weirdness & Mutations

You have a beak for a mouth.
You have claws for feet.
Your magical nature lets you fly swiftly and evasively.


Message History

The hornet buzzes angrily.
The hornet stings you.
You feel yourself slow down.
You take 2 damage, and have 34/45 hp.
Your +2 dagger of venom begins to drip with poison!
a - a +2 dagger of venom (weapon)
The hornet stings you!
You feel as though you will be slow longer.
You block the hornet's attack.
You take 17 damage, and have 17/45 hp.
MASSIVE DAMAGE!!
Unknown command.
Throw: 57 stones
Press: ? - help, Q - select action, (/) - cycle Shift-Dir - straight line, f/p - hornet
Aim: a hornet (heavily wounded, fast, strong, frenzied and insane, 42% to hit)
You throw a stone. The stone misses the hornet.
The hornet misses you. x2; The hornet closely misses you.
The hornet completely misses you.
You regained 2 hp, and now have 19/45 hp.
Casting: Shock (safe; 1% risk of failure)
Confirm with . or Enter, or press ? or * to list all spells.
The hornet is struck by an arc of lightning.
The hornet is heavily wounded.
You are struck by an arc of lightning.
The hornet is struck by an arc of lightning.
The hornet is severely wounded.
You are struck by an arc of lightning.
* * * LOW HITPOINT WARNING * * *
The hornet is struck by an arc of lightning.
The hornet is almost dead.
The lightning grounds out.
The hornet barely misses you.
The hornet stings you but does no damage.
The hornet misses you.
You take 8 damage, and have 11/45 hp.
You now have 0/19 mp.
You closely miss the hornet. You peck the hornet.
The hornet is almost dead.
You feel yourself speed up. The hornet stings you.
* * * LOW HITPOINT WARNING * * *
You are poisoned.
You feel yourself slow down. The hornet stings you!!
You die...

+#.#' .#####..)#####..
.......⌠........ #...#
#...'#.#+ ###### #.8..
#)# #....# #.._ #)#
####.# #.8 #y# #.####
## ##@## #....##
#...############.#.
#..[........##...#.
#.....#########.##.#...
#.#### #.##.#.#.
#.##..... #.####.#. #.#
#.#. #.####...


You could see a neutral hornet (fast, strong, insane).

Vanquished Creatures
  Pikel (D:5)
  Prince Ribbit (D:6)
  A water moccasin (D:6)
  2 sky beasts (D:6)
  Pargi (Sewer)
  An ice beast (D:6)
  2 ogres
  2 centaurs
  A phantom (D:6)
  A bullfrog (D:6)
  A scorpion (D:4)
  3 wights (D:6)
  5 hounds
  A jelly (D:4)
  5 orc priests
  4 iguanas
  2 orc wizards
  2 gnolls (D:3)
  12 adders
  2 shadow imps
  A white imp (D:6)
  3 dart slugs
  24 orcs
  9 ball pythons
  2 bats
  6 endoplasms
  3 giant cockroaches
  8 goblins
  5 hobgoblins
  4 jackals (D:4)
  3 quokkas
  5 frilled lizards
  5 kobolds
  6 rats
134 creatures vanquished.

Vanquished Creatures (collateral kills)
  A gnoll (D:3)
  A dart slug (D:1)
  4 orcs
  A giant cockroach (D:4)
7 creatures vanquished.

Vanquished Creatures (others)
  A black bear (D:7)
  An adder (D:5)
  A plant (D:2)
3 creatures vanquished.

Grand Total: 144 creatures vanquished

Notes
Turn   | Place    | Note
-------+----------+-------------------------------------------
     0 | D:1      | backslashecho the Tengu Air Elementalist began the quest
                  | for the Orb.
     0 | D:1      | Reached XP level 1. HP: 10/10 MP: 4/4
   150 | D:1      | Reached XP level 2. HP: 15/15 MP: 4/6
   998 | D:1      | Reached XP level 3. HP: 19/19 MP: 4/7
  1493 | D:2      | Found an ancient bone altar of Kikubaaqudgha.
  1680 | D:2      | Found a faded altar of an unknown god.
  1693 | D:2      | Got Plato's Tractate on the Salvo
  1779 | D:2      | Reached skill level 1 in Short Blades
  1935 | D:2      | Reached XP level 4. HP: 24/24 MP: 6/9
  2027 | D:2      | Learned a level 1 spell: Magic Dart
  2030 | D:2      | Learned a level 2 spell: Static Discharge
  2045 | D:3      | Found Gukhoeti's Weapon Shop.
  2051 | D:3      | Found Ehexziyt's Magic Scroll Emporium.
  2077 | D:3      | Bought a scroll of identify for 24 gold pieces
  2080 | D:3      | Found the +8 storm bow {elec, penet}
  2092 | D:3      | Found a runed translucent door.
  2092 | D:3      | Noticed mandoloar's ghost (amateur OpTm)
  2220 | D:3      | Found Qilanoas's Weapon Emporium.
  2306 | D:3      | Found Tuing's General Store.
  2405 | D:3      | Found a white marble altar of Elyvilon.
  2464 | D:3      | Gained mutation: Your magical nature lets you fly swiftly
                  | and evasively. [Tengu growth]
  2464 | D:3      | Reached XP level 5. HP: 21/28 MP: 5/11
  2557 | D:3      | Reached skill level 5 in Air Magic
  2861 | D:3      | Found a broken altar of Ashenzari.
  2865 | D:3      | Found an ancient bone altar of Kikubaaqudgha.
  2904 | D:3      | Found a glowing silver altar of Zin.
  3331 | D:4      | Reached XP level 6. HP: 32/32 MP: 3/12
  3335 | D:4      | Found a glowing drain.
  3408 | Sewer    | Entered a sewer
  3500 | Sewer    | Noticed Pargi
  3510 | Sewer    | Killed Pargi
  3669 | D:4      | Identified a scroll of acquirement
  3712 | D:4      | Reached XP level 7. HP: 21/36 MP: 10/14
  3778 | D:4      | Acquired the Handbook of Damage and the Fair Folk
  4306 | D:5      | Entered Level 5 of the Dungeon
  4406 | D:5      | Reached skill level 6 in Air Magic
  4584 | D:5      | Reached skill level 5 in Spellcasting
  4783 | D:5      | Reached skill level 5 in Conjurations
  5084 | D:5      | Reached XP level 8. HP: 41/41 MP: 10/16
  5120 | D:5      | Found a staircase to the Ecumenical Temple.
  5279 | Temple   | Entered the Ecumenical Temple
  5309 | Temple   | Became a worshipper of Vehumet
  5362 | D:6      | Noticed Pikel
  5379 | D:5      | Killed Pikel
  5380 | D:5      | Reached skill level 5 in Short Blades
  5380 | D:5      | Reached skill level 7 in Air Magic
  5650 | D:6      | Reached skill level 8 in Air Magic
  5758 | D:6      | Noticed Prince Ribbit
  5784 | D:6      | Killed Prince Ribbit
  5785 | D:6      | Reached XP level 9. HP: 44/45 MP: 11/18
  5873 | D:6      | Learned a level 4 spell: Airstrike
  5878 | D:6      | Learned a level 4 spell: Sticky Flame
  6066 | D:6      | Identified the +9 falchion of Descent {freeze, Str+2}
  6411 | D:6      | Reached * piety under Vehumet
  6411 | D:6      | Offered knowledge of Kiss of Death by Vehumet.
  6485 | D:6      | Reached skill level 9 in Air Magic
  6893 | D:6      | Reached skill level 1 in Fire Magic
  7178 | D:7      | Found a stormy altar of Qazlal.
  7178 | D:7      | Found a hide-covered altar of Uskayaw.
  7188 | D:7      | Noticed a hornet
  7218 | D:7      | Mangled by a hornet

Illustrated notes

Levels and vault maps discovered:
D:1:      dreamdust_arrival_sigmund_warning, layout_basic
D:2:      layout_basic, shapermc_ecumenical_altar_rom_forum, basic_altar
D:3:      layout_rooms, elyvilon_altar_3, zin_treasury, minitemple,
          serial_shops, nicolae_shop_rolling_square, nicolae_square_shop, shop,
          shop_fountains, ebering_ghost_reflecting_pool
D:4:      nicolae_BIG_FREAKIN_CUBE, layout_gridville, gup_sewer_entry_glass,
          grunt_decor_clamped, dk_noncrumbling_2,
          minmay_fractal_squares_gapless_5
D:5:      layout_loops_ring, minmay_temple_entry_large_hall
D:6:      layout_cave_pods, fountainhead, nicolae_sextant, uniq_pikel,
          uniq_prince_ribbit1
D:7:      layout_basic, grunt_temple_overflow_cloverleaf, uniq_joseph
Temple:   nicolae_temple_ecumenical_triangle

Skill      XL: |  1  2  3  4  5  6  7  8  9 |
---------------+----------------------------+-----
Conjurations   | 2 3 4 5 7 8 |  8.6
Short Blades   | 1 2 4 5 |  5.6
Spellcasting   | 3 4 5 6 |  6.0
Air Magic      | 5 6 8 9 |  9.0
Stealth        | 3 4 |  4.4
Fire Magic     | 1 |  1.8
Dodging        | |  2.1

Action                     |  1- 3 |  4- 6 |  7- 9 || total
---------------------------+-------+-------+-------++-------
  Melee: Unarmed           |     7 |       |       ||     7
         Kick              |     1 |     6 |     9 ||    16
         Dagger            |       |    35 |     2 ||    37
         Peck              |       |     4 |    11 ||    15
         Staff             |       |       |    32 ||    32
  Throw: Dart              |       |       |     1 ||     1
         Stone             |       |       |     1 ||     1
   Cast: Shock             |    55 |    77 |   161 ||   293
         Airstrike         |       |       |     7 ||     7
         Sticky Flame      |       |       |     3 ||     3
         Magic Dart        |       |       |     2 ||     2
         Static Discharge  |       |       |     1 ||     1
    Use: Scroll            |     1 |     4 |     1 ||     6
         Potion            |       |     1 |       ||     1
   Stab: Sleeping          |       |     1 |     1 ||     2
 Armour: Robe              |     1 |     7 |       ||     8
         Troll leather arm |       |       |    19 ||    19
  Dodge: Dodged            |    14 |    67 |    82 ||   163
  Block: Orb               |       |     7 |    32 ||    39
         Reflection        |       |       |     4 ||     4

Table legend: (Time is in decaauts)
 A = Elapsed time spent in this place.
 B = Non-inter-level travel time spent in this place.
 C = Inter-level travel time spent in this place.
 D = Time resting spent in this place.
 E = Time spent auto-exploring this place.
 F = Levels seen in this place.
 G = Mean time per level.
                   A        B        C        D        E       F      G
               +--------+--------+--------+--------+--------+-----+--------+
         Total |   6923 |   6423 |    500 |    471 |   4674 |   9 |  769.2 |
       Dungeon |   6653 |   6167 |    486 |    442 |   4524 |   7 |  950.4 |
        Temple |     54 |     40 |     14 |      0 |     29 |   1 |   54.0 |
         Sewer |    216 |    216 |      0 |     29 |    119 |   1 |  216.0 |
               +--------+--------+--------+--------+--------+-----+--------+

Top non-repeatable levels by time:
     D:6: 1378 daAuts
     D:1: 1287 daAuts
     D:4: 1005 daAuts
     D:5: 999 daAuts
     D:3: 974 daAuts
     D:2: 756 daAuts
     D:7: 252 daAuts
   Sewer: 216 daAuts
  Temple: 54 daAuts
